 Dungeon Crawl Stone Soup version 0.20-a0-11-ga97c7b5 (webtiles) character file.

1995 Vasilisck the Skirmisher (level 9, -11/69 HPs)
             Began as a Demonspawn Fighter on Nov 2, 2016.
             Mangled by an orc warrior
             ... wielding a +2 dire flail of venom
              (16 damage)
             ... on level 6 of the Dungeon.
             The game lasted 00:14:51 (5557 turns).

Vasilisck the Skirmisher (Demonspawn Fighter)       Turns: 5557, Time: 00:14:51

Health: -11/69     AC: 10    Str: 24    XL:     9   Next: 1%
Magic:  9/9        EV: 12    Int:  9    God:
Gold:   214        SH: 10    Dex: 12    Spells: 0 memorised, 8 levels left

rFire  . . .     SeeInvis +     a - +1 war axe
rCold  . . .     Gourm    .     b - +0 scale mail
rNeg   . . .     Faith    .     c - +0 shield
rPois  .         Spirit   .     (helmet restricted)
rElec  .         Reflect  .     C - +0 cloak
rCorr  .         Harm     .     (no gloves)
MR     .....                    (no boots)
Stlth  ..........               (no amulet)
                                q - +2 ring of protection
                                o - +3 ring of strength

@: lethally poisoned (-11 -> -21), hasted, very quick
A: antennae 2, repulsion field 1, see invisible, blink, rot immunity
a: Blink


You were on level 6 of the Dungeon.
You were hungry.

You visited 1 branch of the dungeon, and saw 6 of its levels.
You also visited: Sewer.

You collected 214 gold pieces.

Inventory:

Hand Weapons
 a - a +1 war axe (weapon)
Armour
 b - a +0 scale mail (worn)
 c - a +0 shield (worn)
 C - a +0 cloak (worn)
Jewellery
 o - a +3 ring of strength (left hand)
 q - a +2 ring of protection (right hand)
 s - an uncursed ring of protection from fire
 D - an uncursed ring of positive energy
Scrolls
 e - 2 scrolls of recharging
 j - a scroll of fog
 m - 2 scrolls of fear
 u - a scroll of remove curse
 x - a scroll of blinking
 A - a scroll of enchant weapon
Potions
 d - a potion of flight
 h - 3 potions of degeneration
 l - 2 potions of haste
 n - a potion of agility
 r - a potion of mutation
 t - a potion of brilliance
 v - a potion of resistance {unknown}
 w - a potion of magic {unknown}
 z - a potion of cure mutation {unknown}
 G - a potion of berserk rage
Comestibles
 f - 5 bread rations
 g - 3 meat rations
 i - 2 royal jellies
 k - 2 slices of pizza
 F - a beef jerky


   Skills:
 + Level 6.2 Fighting
 + Level 5.3 Axes
 + Level 5.7 Armour
 + Level 4.1 Dodging
 + Level 5.3 Shields


You had 8 spell levels left.
You didn't know any spells.

Dungeon Overview and Level Annotations

Branches:
Dungeon (6/15)
 Temple: D:4-7

Altars:

Shops:
D:6 =


Innate Abilities, Weirdness & Mutations

You have a pair of antennae on your head.
You are surrounded by a mild repulsion field. (EV +2)
You are immune to rotting.
You have supernaturally acute eyesight. (SInv)
You can translocate small distances at will.


Message History

You kill the hound!
You feel sick. The orc warrior closely misses you.
You slash the orc warrior!
The orc warrior is almost dead.
You feel sick. The orc warrior misses you.
You barely miss the orc warrior.
The orc warrior is almost dead.
You feel sick.
The orc warrior hits you with a dire flail of venom!!
* * * LOW HITPOINT WARNING * * *
You are lethally poisoned!
An orc comes into view. It is wielding a dagger.
The orc shouts!
Okay, then.
Okay, then.
You feel yourself speed up.
* * * LOW HITPOINT WARNING * * *
You feel sick.
The orc warrior hits you with a dire flail of venom!
You die...

#.# #.# #. ##.# #.# #
#... #.#
#.###..####.# #.#
#.....).....# #.#
#......# #.#
###.#.(####.#
###.#######.#..@oo.#
#...........#.(####o#
##.#.#########..#
#....#########.(#
........[..((...#
#...##.########)#
.#.###.# #.# <#.# #.#
#.# )).###.# #.#


You could see an orc warrior and 2 orcs.

Vanquished Creatures
  Prince Ribbit (D:5)
  Menkaure (D:5)
  A water moccasin (D:6)
  Duvessa (D:5)
  3 ogres
  3 centaurs
  3 bullfrogs
  Dowan (D:5)
  2 howler monkeys
  A crimson imp (D:5)
  A bullfrog zombie (D:5)
  A centaur zombie (D:5)
  2 orc priests
  A jelly (D:4)
  A hound (D:6)
  An iguana (D:5)
  Jessica (D:3)
  An orc wizard (D:5)
  3 worker ants
  A hound skeleton (D:5)
  11 adders
  3 river rats (Sewer)
  6 oozes
  5 worms
  A dart slug (D:1)
  4 leopard geckos
  17 orcs
  8 ball pythons
  8 giant cockroaches
  5 goblins
  2 hobgoblins
  2 quokkas
  4 bats
  10 frilled lizards
  6 kobolds
  A leopard gecko zombie (D:5)
  A quokka skeleton (D:4)
  32 rats
156 creatures vanquished.

Notes
Turn   | Place    | Note
-------+----------+-------------------------------------------
     0 | D:1      | Vasilisck the Demonspawn Fighter began the quest for the Orb.
     0 | D:1      | Reached XP level 1. HP: 18/18 MP: 1/1
   277 | D:1      | Gained mutation: You are surrounded by a mild repulsion field. (EV +2) [demonic ancestry]
   277 | D:1      | Reached XP level 2. HP: 21/24 MP: 2/2
   815 | D:2      | Reached XP level 3. HP: 22/29 MP: 3/3
  1347 | D:3      | Reached XP level 4. HP: 13/36 MP: 4/4
  1414 | D:3      | Found a glowing drain.
  1439 | Sewer    | Entered a sewer
  1650 | Sewer    | Reached skill level 1 in Dodging
  1689 | Sewer    | Reached XP level 5. HP: 31/42 MP: 5/5
  2193 | Sewer    | Reached skill level 4 in Fighting
  2193 | Sewer    | Gained mutation: You have a pair of small antennae on your head. [demonic ancestry]
  2193 | Sewer    | Reached XP level 6. HP: 11/48 MP: 6/6
  2194 | Sewer    | HP: 2/48 [ooze (3)]
  2482 | D:3      | Noticed Jessica
  2486 | D:3      | Killed Jessica
  2860 | D:4      | Reached XP level 7. HP: 39/55 MP: 7/7
  3268 | D:5      | Entered Level 5 of the Dungeon
  3573 | D:5      | Noticed Duvessa
  3574 | D:5      | Noticed Dowan
  3585 | D:5      | Killed Duvessa
  3585 | D:5      | Reached skill level 5 in Fighting
  3592 | D:5      | Killed Dowan
  3594 | D:5      | Noticed Menkaure
  3599 | D:5      | Killed Menkaure
  3599 | D:5      | Gained mutation: You are immune to rotting. [demonic ancestry]
  3599 | D:5      | Reached XP level 8. HP: 11/62 MP: 8/8
  3703 | D:5      | Reached skill level 5 in Armour
  4509 | D:5      | Noticed Prince Ribbit
  4541 | D:5      | Killed Prince Ribbit
  4541 | D:5      | Reached skill level 5 in Shields
  4890 | D:5      | Reached skill level 5 in Axes
  5247 | D:6      | Found Gyumeh's Jewellery Emporium.
  5445 | D:6      | Reached skill level 6 in Fighting
  5467 | D:6      | Gained mutation: You have supernaturally acute eyesight. (SInv) [potion of beneficial mutation]
  5468 | D:6      | Gained mutation: You can translocate small distances at will. [potion of beneficial mutation]
  5490 | D:6      | Gained mutation: You have a pair of antennae on your head. [demonic ancestry]
  5490 | D:6      | Reached XP level 9. HP: 43/69 MP: 9/9
  5557 | D:6      | Mangled by an orc warrior

Vault maps used:
D:1:      matt_arrival_spirals
D:3:      portal_sewer_entry_f, minivault_23, uniq_jessica
D:4:      lemuel_upstairs_altar, first_bread
D:5:      uniq_duvessa, uniq_menkaure, uniq_prince_ribbit1
D:6:      basic_altar, serial_shops, shop
Sewer:    sewer_minmay_w

Skill      XL: |  1  2  3  4  5  6  7  8 |
---------------+-------------------------+-----
Axes           | 2 3 4 5 |  5.3
Armour         | 3 4 5 |  5.7
Shields        | 3 4 5 |  5.3
Dodging        | 1 2 3 4 |  4.1
Fighting       | 4 5 6 |  6.2

Action                   |  1- 3 |  4- 6 |  7- 9 || total
-------------------------+-------+-------+-------++-------
Melee: War axe           |   134 |   202 |   236 ||   572
  Use: Potion            |     1 |     8 |     6 ||    15
       Scroll            |       |     8 |     7 ||    15
  Eat: Chunk             |     1 |     6 |     9 ||    16
Armor: Scale mail        |    51 |    98 |    66 ||   215
Dodge: Dodged            |    41 |   109 |   118 ||   268
Block: Shield            |    82 |   122 |   135 ||   339
